 Dungeon Crawl Stone Soup version 0.17-a0-2220-g6fea741 (webtiles) character file.

76 Raultor the Skirmisher (level 4, -1/25 HPs)
             Began as a Vine Stalker Berserker on Oct 28, 2015.
             Was a Believer of Trog.
             Succumbed to Ijyb's poison
             ... on level 2 of the Dungeon.
             The game lasted 00:06:07 (1138 turns).

Raultor the Skirmisher (Vine Stalker Berserker)     Turns: 1138, Time: 00:06:07

Health: -1/25      AC:  6    Str: 21    XL:     4   Next: 32%
Magic:  5/5        EV: 10    Int:  7    God:    Trog [**....]
Gold:   105        SH:  0    Dex: 13    Spells: 0 memorised, 3 levels left

rFire  . . .     SeeInvis .     a - +0 hand axe
rCold  . . .     Clarity  .     h - +0 scale mail
rNeg   . . .     SustAt   .     (no shield)
rPois  .         Gourm    .     (no helmet)
rElec  .         Spirit   +     (no cloak)
rCorr  .         Warding  .     (no gloves)
rMut   .         Stasis   .     (no boots)
MR     .....                    (no amulet)
Stlth  ..........               (no ring)
                                (no ring)

@: lethally poisoned (-1 -> -17), exhausted, flying, slowed, very slow, not
resistant to hostile enchantments, extremely unstealthy
A: fangs 2, regeneration 1, magic shield, antimagic bite, no device heal 3, rot
immunity
a: Berserk, Trog's Hand, Burn Spellbooks, Renounce Religion


You were on level 2 of the Dungeon.
You worshipped Trog.
Trog was pleased with you.
You were near starving.

You visited 1 branch of the dungeon, and saw 2 of its levels.

You collected 105 gold pieces.

Inventory:

Hand Weapons
 a - a +0 hand axe (weapon)
Armour
 b - a +0 animal skin
 h - a +0 scale mail (worn)
Scrolls
 d - a scroll of remove curse {unknown}
 g - a scroll of teleportation {unknown}
Comestibles
 c - 3 bread rations
 f - a beef jerky


   Skills:
 + Level 3.7 Fighting
 + Level 3.6 Axes
 - Level 1.5 Armour
 - Level 1.5 Dodging
 + Level 1.0 Stealth


You had 3 spell levels left.
You didn't know any spells.

Dungeon Overview and Level Annotations

Branches:
Dungeon (2/15)

Altars:
Zin


Innate Abilities, Weirdness & Mutations

You have extremely sharp teeth.
Your natural rate of healing is unusually fast.
When hurt, damage is shared between your health and your magic reserves.
Your bite disrupts and absorbs the magic of your enemies.
Potions and wands cannot restore your health.
You are immune to rotting.


Message History

You are too berserk!
* * * LOW HITPOINT WARNING * * *
You feel sick.
You feel a strong urge to attack something.
* * * LOW HITPOINT WARNING * * *
You feel sick.
* * * LOW HITPOINT WARNING * * *
You feel sick.
You feel your anger subside.
You are no longer berserk.
You are exhausted.
You feel yourself slow down.
You are near starving!
* * * LOW HITPOINT WARNING * * *
You feel sick.
Drink which item? (? for menu, Esc to quit)
It was a potion of flight.
You feel very buoyant.
You fly up into the air.
You die...

#####.#.# ##
#.#.# . #.#.#
##..##.#.#
........#####
###.####..<..###
##.....##........
#.....).#........
#......@#.###.##(
...._...?.# .#
#..$...†#.# #
#(......#...
##.....##.....
###.## #...[.#
... ..##### ####
.##


There were no monsters in sight!

Vanquished Creatures
  Ijyb (D:2)
  A worm (D:2)
  2 giant geckos
  5 bats
  A giant cockroach (D:1)
  7 goblins
  8 hobgoblins
  5 jackals
  2 kobolds
  A giant newt (D:1)
  5 rats
38 creatures vanquished.

Notes
Turn   | Place    | Note
--------------------------------------------------------------
     0 | D:1      | Raultor the Vine Stalker Berserker began the quest for the Orb.
     0 | D:1      | Reached XP level 1. HP: 11/11 MP: 2/2
   204 | D:1      | Reached XP level 2. HP: 11/16 MP: 1/3
   217 | D:1      | Reached skill level 3 in Fighting
   356 | D:1      | Reached ** piety under Trog
   378 | D:1      | Reached XP level 3. HP: 18/20 MP: 4/4
  1119 | D:2      | Found a glowing silver altar of Zin.
  1120 | D:2      | Noticed Ijyb
  1133 | D:2      | Killed Ijyb
  1133 | D:2      | Reached skill level 1 in Stealth
  1133 | D:2      | Reached XP level 4. HP: 8/25 MP: 5/5
  1137 | D:2      | HP: 1/25 [poisoned by Ijyb]
  1138 | D:2      | Succumbed to Ijyb's poison

Vault maps used:
D:1:      dpeg_arrival_circle_labyrinth_c
D:2:      old_standard_altar, minmay_crystal_water, uniq_iyjb

Action                   |  1- 3 |  4- 6 || total
-------------------------+-------+-------++-------
Melee: Hand axe          |   100 |       ||   100
Invok: Berserk           |     1 |       ||     1
  Use: Potion            |       |     1 ||     1
